Unix NetHack Version 5.0.0-0 post-release - last build Jun 10 2026 00:39:30 (3ee93aec679c4c4259841fe613dc97188e26a321,branch:main).

Game began 2026-06-15 13:14:10, ended 2026-06-15 13:37:02.

Drastanta, lawful male human Knight

                              ----
                            --|..|     ----------------
               ----        --.|*.--    |..........^....
               |..---      |...-..--   |..---....@.--..
              --....|   ---|-.(...(-----..      .B.....
              |.....-----.--.........|....      .......
              -.--..%.--.......  -........
              .----...%%...(...    .....
                  |))....).<...
                  -.---.......
                  .--

Drastanta the Esquire    St:14 Dx:9 Co:13 In:8 Wi:15 Ch:18  Lawful
Dlvl:4  $:84 HP:0(40) Pw:22(22) AC:3  Xp:4 T:2201 

Latest messages:
 It hits the giant bat.
 It misses the giant bat.
 The giant bat just misses!
 You miss the giant bat.
 The giant bat bites!
 The giant bat bites!
 You miss the giant bat.
 The giant bat bites!
 The giant bat bites!
 It misses the giant bat.
 It bites the giant bat.
 The giant bat misses it.
 You kill the giant bat!
 You swap places with your saddled pony.
 You see here a looking glass.
 You swap places with your saddled pony.
 The saddled pony drops a looking glass.
 You hear a jackal howling at the moon.
 You are momentarily blinded by a flash of light!
 You hear a deafening roar!
 A giant bat suddenly appears next to you!
 You hit the giant bat.
 The giant bat misses!
 You hit the giant bat.
 The giant bat bites!
 The giant bat misses!
 You hit the giant bat.
 The giant bat misses!
 The giant bat bites!
 You kill the giant bat!
 Wait!  There's something there you can't see!
 You feel an unseen monster!
 You can see again.
 You hit the acid blob!
 You are splashed by the acid blob's acid!
 You miss the acid blob.
 You miss the acid blob.
 You miss the acid blob.
 You kill the acid blob!
 You are splashed by the acid blob's acid!
 What do you want to drop? [$ac-ilmpquvxA-EH or ?*] D
 You drop a pair of iron shoes.
 The saddled pony picks up a pair of iron shoes.
 You stop.  Your saddled pony is in the way!
 The giant bat bites!
 The giant bat misses!
 You can hear again.
 The giant bat bites!
 You die...
 Do you want your possessions identified? [ynq] (y) q

Inventory:
 Coins    ('$')
  $ - 84 gold pieces
 Weapons  (')')
  a - a blessed +1 long sword (weapon in left hand)
 Armor    ('[')
  E - an uncursed +0 elven leather helm
  d - an uncursed +0 helmet (being worn)
  f - an uncursed +0 pair of leather gloves (being worn)
  e - an uncursed +0 small shield (being worn)
  c - an uncursed +1 ring mail (being worn)
 Comestibles  ('%')
  g - 9 uncursed apples
  h - 10 uncursed carrots
  i - 3 uncursed food rations
 Scrolls  ('?')
  q - an uncursed scroll of amnesia
  p - an uncursed scroll of create monster
  u - an uncursed scroll of enchant weapon
  x - a cursed scroll of identify
 Spellbooks  ('+')
  m - an uncursed spellbook of cure sickness
  l - an uncursed spellbook of detect food
 Potions  ('!')
  C - an uncursed potion of confusion
  H - 2 potions of holy water
  B - an uncursed potion of water
 Tools    ('(')
  A - an uncursed tin whistle
  v - an uncursed towel

Drastanta the Knight's attributes:

Background:
 You were an Esquire, a level 4 male human Knight.
 You were lawful, on a mission for Lugh
 who was opposed by Brigit (neutral) and Manannan Mac Lir (chaotic).
 You were left-handed.
 You were in the Gnomish Mines, on level 4.
 You entered the dungeon 2201 turns ago.
 There was a new moon in effect when your adventure ended.
 You had 153 experience points, 7 more were needed to attain level 5.

Basics:
 You had 0 out of 40 hit points.
 You had all 22 energy points (spell power).
 Your armor class was 3.
 Your wallet contained 84 zorkmids.
 Autopickup was on for '$' plus thrown.

Final Characteristics:
 Your strength was 14 (limit:18/100).
 Your dexterity was 9 (limit:18).
 Your constitution was 13 (limit:18).
 Your intelligence was 8 (limit:18).
 Your wisdom was 15 (limit:18).
 Your charisma was 18 (limit:18).

Final Status:
 You weren't hungry.
 You were unencumbered.
 You were wielding a long sword.
 You had basic skill with long sword.

Final Attributes:
 You were piously aligned.
 You were telepathic.
 You could jump.
 You were warded.
 You are dead.

Miscellaneous:
 You didn't encounter any bones levels.
 Total elapsed playing time was 22 minutes and 52 seconds.

Major events:
 Turn
    1: Drastanta the lawful male human Knight entered the dungeon
 1742: entered the Gnomish Mines
 1757: attained the rank of Esquire (level 3)
 2201: killed by a giant bat

You didn't know any spells.

Skills:
 Fighting Skills
   bare handed combat [Unskilled]
   two weapon combat  [Unskilled]
   riding             [Basic]
 Weapon Skills
   dagger             [Unskilled]
   knife              [Unskilled]
   axe                [Unskilled]
   pick-axe           [Unskilled]
   short sword        [Unskilled]
   broadsword         [Unskilled]
   long sword         [Basic]
   two-handed sword   [Unskilled]
   saber              [Unskilled]
   club               [Unskilled]
   mace               [Unskilled]
   morning star       [Unskilled]
   flail              [Unskilled]
   hammer             [Unskilled]
   polearms           [Unskilled]
   spear              [Unskilled]
   trident            [Unskilled]
   lance              [Basic]
   bow                [Unskilled]
   crossbow           [Unskilled]
 Spellcasting Skills
   attack spells      [Unskilled]
   healing spells     [Unskilled]
   clerical spells    [Unskilled]

Voluntary challenges:
 Character rerolling was not enabled.
 You never genocided any monsters.
 You never polymorphed an object.
 You never changed form.
 You used no wishes.
Achievements:
 You entered a shop.
 You entered the Gnomish Mines.
 You attained the rank of Esquire.

 The Dungeons of Doom: levels 1 to 4
    Level 1:
    Level 2:
       A general store, many altars, a fountain.
    Level 3:
       A potion shop, a fountain.
       Stairs down to The Gnomish Mines.
    Level 4:
       A fountain.
 The Gnomish Mines:
    Level 4: <- You were here.
       Final resting place for
          you, killed by a giant bat.


Vanquished creatures:
  a pony
  a fog cloud
  3 gnome leaders
  a straw golem
  a floating eye
  a dwarf
  2 giant bats
  2 dwarf zombies
 an iguana
  2 acid blobs
  a hobbit
  a giant rat
  a yellow mold
  5 gnomes
  2 jackals
  a fox
  2 kobolds
  a goblin
 11 grid bugs
  a lichen
  2 newts
43 creatures vanquished.

No species were genocided or became extinct.

Game over:
                       ----------
                      /          \
                     /    REST    \
                    /      IN      \
                   /     PEACE      \
                  /                  \
                  |    Drastanta     |
                  |      84 Au       |
                  |   killed by a    |
                  |    giant bat     |
                  |                  |
                  |                  |
                  |       2026       |
                 *|     *  *  *      | *
        _________)/\\_//(\/(/\)/\//\/|_)_______

Fare thee well Drastanta the Knight...

You died in The Gnomish Mines on dungeon level 4 with 838 points,
and 84 pieces of gold, after 2201 moves.
You were level 4 with a maximum of 40 hit points when you died.

